Map: [ESL] Goldenaura

Players

Cure - Winner!

  • Race: Terran Terran
  • Spawn Location: 12:00

Clem

  • Race: Terran Terran
  • Spawn Location: 5:00

Event: IEM Katowice 2024

VOD

Have the link to the VOD?

Description

Time

  • Played on: Feb. 8, 2024, 8:22 a.m.
  • Length: 8:28

All games in this series

Show
View Real Time Build Order
Export as new Build Order

Cure Terran - Winner!

Build Orders: Reaper Expand 

Get SALT Encoding   

  12  0:00  SCV  
  13  0:12  SCV  
  14  0:17  Supply Depot  
  14  0:24  SCV  
  15  0:38  SCV  
  15  0:39  Barracks  
  16  0:43  Refinery  
  16  0:50  SCV  
  17  1:02  SCV  
  18  1:14  SCV  
  19  1:26  Orbital Command, Reaper  
  20  1:39  Command Center  
  20  1:49  Supply Depot  
  20  1:52  SCV  
  21  1:58  Reaper  
  22  2:04  SCV  
  23  2:16  SCV  
  23  2:20  Factory  
  24  2:28  SCV  
  25  2:33  Command Center  
  25  2:37  Refinery  
  25  2:39  Barracks Reactor  
  25  2:42  SCV  
  26  2:50  Orbital Command  
  26  2:54  SCV  
  27  3:06  SCV  
  27  3:09  Starport  
  28  3:17  SCV  
  28  3:18  Cyclone, SCV  
  32  3:20  Hellion  
  32  3:24  Refinery  
  34  3:29  SCV  
  34  3:30  SCV  
  34  3:31  Barracks Tech Lab  
  36  3:41  Cyclone  
  36  3:42  SCV  
  36  3:43  SCV  
  36  3:46  Orbital Command  
  40  3:51  Cyclone  
  40  3:55  SCV x2  
  44  4:03  Raven, Refinery  
  44  4:07  SCV x2  
  48  4:13  Cyclone, Supply Depot  
  48  4:14  SCV  
  51  4:17  Interference Matrix  
  51  4:20  SCV x2  
  53  4:25  Cyclone  
  53  4:30  SCV  
  56  4:32  SCV  
  56  4:34  Supply Depot  
  56  4:37  Raven  
  59  4:39  SCV  
  59  4:42  SCV  
  59  4:44  SCV  
  62  4:46  Cyclone, Barracks Tech Lab  
  62  4:47  Supply Depot  
  62  4:51  SCV  
  65  4:54  SCV  
  65  4:57  SCV  
  65  4:58  Barracks x2  
  67  5:01  Cyclone  
  67  5:05  SCV  
  67  5:06  SCV  
  71  5:09  SCV  
  72  5:14  Marine  
  72  5:15  Stimpack  
  72  5:17  SCV  
  72  5:19  SCV  
  75  5:22  Starport Reactor, Supply Depot, SCV  
  75  5:28  Engineering Bay x2  
  76  5:30  SCV  
  76  5:31  SCV  
  76  5:32  Marine  
  79  5:38  SCV  
  79  5:39  Barracks x2  
  79  5:42  SCV  
  81  5:43  SCV  
  81  5:46  Siege Tank  
  81  5:47  Barracks Reactor  
  85  5:50  Marine  
  85  5:55  Terran Infantry Weapons Level 1, Terran Infantry Armor Level 1  
  85  6:00  Supply Depot x2  
  85  6:02  SCV x3  
  86  6:08  Marine x3  
  86  6:09  Medivac x2  
  93  6:21  SCV  
  93  6:22  Siege Tank, SCV  
  93  6:23  Marine x2  
  100  6:26  Marine x3  
  100  6:27  Supply Depot  
  100  6:28  Supply Depot  
  100  6:29  Barracks Reactor  
  103  6:33  Orbital Command  
  103  6:34  SCV x2  
  103  6:37  Barracks Reactor  
  105  6:41  Marine  
  105  6:42  Marine  
  105  6:44  Missile Turret, Marine x2  
  109  6:47  Supply Depot  
  109  6:49  Medivac, Marine  
  109  6:50  Medivac  
  114  6:54  Combat Shield  
  114  6:55  SCV x2  
  114  6:59  Marine  
  114  7:00  Marine  
  118  7:01  Marine x2  
  118  7:02  SCV  
  118  7:03  Siege Tank  
  118  7:06  Marine  
  125  7:09  Marine x2  
  123  7:17  Marine  
  123  7:18  Marine  
  120  7:25  Marine x5  
  120  7:27  Marine  
  120  7:28  SCV  
  120  7:29  SCV x2  
  116  7:34  Marine  
  116  7:35  Siege Tank, Marine  
  116  7:36  Marine  
  115  7:40  SCV  
  115  7:41  SCV x2  
  115  7:42  Marine  
  112  7:44  Marine x2  
  112  7:45  Marine x3  
  117  7:51  Armory  
  117  7:52  Supply Depot, Marine  
  117  7:53  Marine  
  117  7:54  Marine  
  120  8:00  Marine  
  120  8:02  Marine x2  
  120  8:03  Marine x3  
  120  8:10  Marine  
Show
View Real Time Build Order
Export as new Build Order

Clem Terran 

Build Orders: Cyclone Opening 

Get SALT Encoding   

  12  0:00  SCV  
  13  0:12  SCV  
  14  0:17  Supply Depot  
  14  0:24  SCV  
  15  0:38  SCV  
  15  0:39  Barracks  
  16  0:43  Refinery  
  16  0:50  SCV  
  16  0:52  Refinery  
  17  1:02  SCV  
  18  1:14  SCV  
  19  1:26  Reaper  
  19  1:27  Orbital Command, Supply Depot  
  20  1:41  Factory  
  20  1:52  SCV  
  21  1:58  Reaper  
  22  2:05  SCV  
  23  2:16  Command Center  
  23  2:19  SCV  
  24  2:26  Cyclone  
  26  2:31  SCV  
  27  2:37  Starport  
  27  2:43  SCV  
  28  2:47  Supply Depot  
  28  2:50  Barracks Reactor  
  28  2:55  SCV  
  28  2:58  Cyclone  
  30  3:07  SCV  
  31  3:13  Medivac  
  31  3:18  Refinery  
  34  3:20  SCV  
  34  3:30  Orbital Command  
  34  3:32  SCV  
  35  3:38  Barracks Tech Lab  
  35  3:42  Cyclone x2  
  35  3:44  SCV  
  40  3:54  Supply Depot  
  40  3:56  SCV  
  40  3:57  SCV  
  40  3:59  Raven  
  44  4:08  SCV  
  44  4:09  SCV  
  46  4:14  Cyclone x2  
  46  4:15  Interference Matrix  
  50  4:18  Supply Depot  
  50  4:20  SCV  
  50  4:22  SCV  
  52  4:24  Barracks Tech Lab  
  52  4:32  SCV  
  52  4:34  SCV  
  52  4:36  Raven  
  56  4:42  Command Center  
  56  4:47  SCV  
  56  4:48  SCV  
  56  4:52  Cyclone  
  60  4:57  Supply Depot  
  60  4:58  Cyclone  
  60  4:59  SCV  
  63  5:02  SCV  
  63  5:06  Refinery  
  64  5:11  SCV  
  64  5:13  Raven  
  64  5:14  SCV  
  68  5:16  Supply Depot  
  68  5:23  SCV  
  68  5:24  Cyclone  
  68  5:26  SCV  
  72  5:30  Cyclone  
  72  5:32  Stimpack  
  72  5:34  Barracks  
  74  5:35  SCV  
  74  5:37  Barracks  
  74  5:38  SCV  
  74  5:39  Marine  
  77  5:48  SCV  
  77  5:50  SCV  
  77  5:55  Orbital Command  
  77  5:56  Cyclone  
  80  5:58  Raven  
  80  6:00  SCV  
  80  6:02  Cyclone, Marine, SCV  
  87  6:09  Engineering Bay  
  87  6:10  Engineering Bay  
  87  6:12  SCV  
  87  6:14  SCV  
  89  6:20  Supply Depot  
  89  6:23  Orbital Command  
  89  6:24  SCV  
  89  6:25  Barracks Reactor  
  90  6:26  SCV  
  90  6:31  Barracks Reactor  
  91  6:33  Barracks  
  91  6:35  Barracks  
  91  6:36  SCV  
  91  6:38  SCV  
  91  6:39  Supply Depot  
  93  6:42  Starport Reactor  
  93  6:44  Marine x2  
  95  6:47  Marine  
  95  6:48  SCV  
  95  6:50  SCV  
  95  6:51  Supply Depot  
  95  6:52  Siege Tank  
  95  6:54  SCV  
  102  6:59  Supply Depot  
  102  7:00  SCV  
  103  7:02  Marine x2  
  103  7:03  SCV  
  103  7:05  Marine  
  103  7:06  SCV  
  108  7:08  Marine  
  108  7:09  Marine  
  108  7:12  SCV  
  109  7:16  SCV  
  109  7:21  Marine  
  104  7:24  Marine, Medivac x2  
  104  7:25  SCV  
  104  7:26  Barracks Reactor  
  104  7:27  Barracks Reactor  
  104  7:28  Marine  
  104  7:29  Siege Tank  
  108  7:30  Marine  
  108  7:32  SCV  
  108  7:35  Marine  
  108  7:36  SCV  
  110  7:39  Marine  
  110  7:41  SCV  
  110  7:42  Marine  
  110  7:43  Refinery  
  107  7:44  Sensor Tower, Refinery  
  107  7:46  SCV, Marine, Armory  
  107  7:47  Marine  
  110  7:55  Marine  
  110  7:57  Marine  
  112  7:58  Medivac  
  112  7:59  Supply Depot  
  112  8:00  Marine  
  112  8:01  SCV  
  112  8:02  Marine  
  112  8:03  Marine  
  112  8:04  Marine x3  
  112  8:05  Marine  

Tags
 
Add a new tag
Caveats
  • Supply blocks, unpowered buildings, or Contaminate may cause inaccurate times.
  • Supply counts are checked every 10 seconds.